Map: Yamatai LE

Players

ИИ 1 (ученик)

  • Race: Terran Terran
  • Spawn Location: 7:00

Doll - Winner!

  • Race: Zerg Zerg
  • Spawn Location: 1:00

VOD

Have the link to the VOD?

Description

Time

  • Played on: Sept. 20, 2022, 4:59 p.m.
  • Length: 11:39
Show
View Real Time Build Order
Export as new Build Order

ИИ 1 (ученик) Terran 

Build Orders:  

Get SALT Encoding   

  12  0:00  SCV  
  13  0:15  Supply Depot  
  13  0:17  SCV  
  14  0:29  SCV  
  15  0:42  Barracks, SCV  
  16  0:54  SCV  
  17  1:00  Supply Depot  
  17  1:06  SCV  
  18  1:18  SCV  
  19  1:28  Marine  
  19  1:29  Command Center  
  20  1:41  SCV  
  20  1:42  Barracks  
  20  1:46  Marine  
  22  1:52  Refinery  
  22  1:53  SCV  
  23  2:03  Refinery  
  23  2:04  Marine  
  23  2:06  SCV  
  25  2:18  SCV  
  25  2:22  Marine  
  27  2:28  Marine  
  28  2:31  Orbital Command  
  28  2:40  Marine  
  28  2:41  Orbital Command  
  29  2:46  Marine  
  30  2:58  Factory  
  30  2:59  SCV  
  30  3:02  Marine  
  32  3:07  Barracks Tech Lab  
  32  3:10  SCV  
  32  3:11  SCV  
  34  3:19  Bunker  
  34  3:21  Barracks Tech Lab  
  34  3:23  SCV  
  35  3:29  SCV  
  35  3:33  Factory  
  36  3:35  SCV  
  36  3:36  Stimpack  
  36  3:39  Marauder  
  39  3:41  Marine  
  39  3:43  Factory Tech Lab  
  39  3:46  SCV  
  41  3:49  SCV  
  42  3:56  Supply Depot  
  42  3:58  SCV  
  42  4:00  Marauder  
  42  4:01  SCV  
  46  4:03  Combat Shield  
  46  4:09  Supply Depot  
  46  4:11  SCV  
  46  4:17  Factory Tech Lab, SCV  
  46  4:19  Marauder  
  46  4:23  SCV  
  50  4:24  Supply Depot  
  50  4:26  Marauder  
  50  4:29  SCV  
  53  4:35  SCV  
  54  4:39  Starport  
  54  4:40  Marine  
  54  4:41  SCV  
  56  4:47  Supply Depot, SCV  
  56  4:48  Marauder  
  56  4:50  Supply Depot  
  59  4:53  SCV  
  59  4:59  Engineering Bay, Marauder, SCV  
  63  5:06  Engineering Bay  
  63  5:09  Siege Tank  
  63  5:13  SCV  
  66  5:21  Refinery  
  66  5:23  Refinery  
  66  5:24  SCV  
  66  5:26  SCV  
  68  5:33  Siege Tank  
  70  5:38  SCV  
  70  5:40  Starport Tech Lab, SCV  
  70  5:42  Missile Turret  
  72  5:44  Missile Turret, Command Center  
  72  5:51  Marauder  
  72  5:52  Ghost Academy  
  72  5:54  Concussive Shells  
  72  5:55  SCV  
  72  5:56  SCV  
  75  6:04  Marine, Medivac  
  78  6:07  SCV  
  78  6:08  SCV  
  80  6:17  Command Center  
  80  6:22  Supply Depot  
  80  6:24  Supply Depot  
  80  6:27  Ghost  
  80  6:31  Personal Cloaking  
  82  6:33  Marine  
  83  6:43  Barracks, SCV  
  83  6:44  SCV  
  85  6:47  Barracks  
  85  6:50  Cyclone  
  87  6:55  SCV, Terran Infantry Weapons Level 1  
  87  6:56  SCV  
  89  7:07  Command Center, SCV  
  90  7:10  Ghost  
  92  7:16  Supply Depot  
  92  7:18  Terran Infantry Armor Level 1  
  92  7:30  Armory  
  92  7:41  Marine  
  92  7:42  Marine  
  92  7:43  Barracks Tech Lab x2, Command Center  
  94  7:59  Marauder  
  94  8:00  Marine  
  94  8:02  Marauder x2  
  101  8:09  Hellion  
  102  8:13  Hellion  
  102  8:19  Marauder  
  106  8:20  Marauder  
  106  8:23  Marauder  
  106  8:25  Supply Depot  
  110  8:32  Command Center  
  110  8:37  Marine  
  110  8:39  Hellion, Marine  
  105  8:41  Marine  
  105  8:44  Marine  
  89  8:54  Hellion  
  89  8:55  Marine  
  82  8:56  SCV  
  82  8:58  Marauder, SCV  
  82  9:00  Marauder  
  82  9:02  Marine  
  85  9:08  SCV  
  69  9:10  SCV  
  69  9:13  Marauder  
  63  9:19  Marine  
  63  9:20  Marauder  
  63  9:21  Marauder  
  65  9:30  SCV  
  62  9:34  Marine  
  62  9:36  Marine  
  62  9:41  Marine  
  62  9:42  Ghost  
  62  9:43  SCV  
  59  9:45  SCV  
  59  9:49  SCV  
  53  9:55  SCV  
  53  9:57  SCV  
  55  10:01  SCV  
  50  10:07  SCV  
  50  10:08  Medivac  
  50  10:10  Marine, SCV  
  50  10:13  SCV  
  54  10:19  SCV  
  49  10:22  SCV  
  49  10:25  Ghost, SCV  
  53  10:30  Marauder  
  53  10:33  Marauder  
  53  10:37  Marauder  
  52  10:51  Marauder, SCV  
  52  10:54  Marauder x2  
Show
View Real Time Build Order
Export as new Build Order

Doll Zerg - Winner!

Build Orders: Hatch First 

Get SALT Encoding   

  12  0:01  Drone  
  13  0:13  Overlord  
  13  0:17  Drone  
  14  0:42  Hatchery  
  13  0:47  Extractor  
  13  0:48  Drone  
  13  0:52  Drone  
  14  0:59  Drone  
  14  1:03  Drone  
  16  1:12  Drone  
  17  1:22  Spawning Pool  
  16  1:26  Drone  
  17  1:33  Drone  
  18  1:44  Drone  
  19  2:00  Drone  
  20  2:03  Drone  
  21  2:09  Hatchery  
  21  2:11  Drone  
  21  2:19  Zergling x4  
  21  2:20  Zergling x2  
  24  2:27  Drone  
  26  2:30  Drone  
  26  2:34  Queen  
  28  2:40  Overlord  
  28  2:46  Metabolic Boost  
  28  2:51  Overlord  
  28  2:58  Queen  
  28  3:03  Drone x2  
  32  3:06  Drone  
  33  3:13  Drone x2  
  35  3:24  Drone x4  
  39  3:31  Zergling x2  
  39  3:32  Zergling x2  
  39  3:33  Drone  
  41  3:44  Drone x3  
  44  3:49  Queen  
  44  3:51  Overlord  
  46  4:00  Drone  
  46  4:01  Drone x2  
  49  4:03  Overlord  
  49  4:19  Extractor  
  48  4:27  Lair  
  48  4:28  Roach Warren  
  47  4:33  Extractor, Zergling x10  
  47  4:34  Zergling x8  
  55  4:41  Queen x2  
  59  4:48  Zergling x6  
  62  5:11  Roach  
  62  5:12  Overlord  
  62  5:13  Overlord x5  
  64  5:17  Zergling x2  
  66  5:42  Roach  
  66  5:43  Roach x7  
  78  6:00  Glial Reconstitution  
  78  6:02  Pneumatized Carapace  
  78  6:03  Roach  
  78  6:04  Roach x6  
  92  6:20  Roach x5  
  92  6:24  Hatchery  
  92  6:25  Roach, Queen  
  105  6:33  Overseer  
  105  6:36  Overseer  
  105  6:53  Roach x4  
  113  6:57  Overlord x4  
  113  7:19  Zergling x6  
  113  7:20  Zergling x8  
  120  7:30  Roach x2  
  120  7:35  Zergling x2  
  125  7:47  Drone x4  
  125  7:49  Drone x3  
  132  8:10  Zergling x6  
  132  8:11  Zergling x8  
  139  8:16  Roach  
  139  8:17  Roach  
  143  8:28  Roach x4  
  138  8:45  Zergling x8  
  138  8:46  Hatchery, Zergling x6  
  127  8:49  Roach  
  113  8:59  Zergling x8, Hatchery  
  105  9:09  Zergling x8  
  83  9:17  Zergling x6  
  78  9:29  Roach x5  
  79  9:40  Roach  
  79  9:41  Roach x3  
  82  9:52  Roach x4  
  81  10:02  Roach x4  
  88  10:12  Roach x6  
  88  10:13  Roach  
  90  10:36  Roach  
  90  10:37  Zergling x12  
  90  10:38  Zergling x10  
  103  10:48  Zergling x12  
  109  10:55  Roach x4  
  109  10:56  Roach x2  
  125  11:11  Roach x4  
  125  11:12  Roach x2  
Tags
 
Matchup
ЗvТ
Spawn Locations
Cross Positions
Add a new tag
Caveats
  • Supply blocks, unpowered buildings, or Contaminate may cause inaccurate times.
  • Supply counts are checked every 10 seconds.